 Dungeon Crawl Stone Soup version 0.28-a0-983-g1de4e0787c (webtiles) character file.

Game seed: 8609626418821514982

13224 Lavandula the Spear-Bearer (level 12, -2/79 HPs)
             Began as an Octopode Chaos Knight on Dec 3, 2021.
             Was a Plaything of Xom.
             Slain by a cyclops (29 damage)
             ... on level 12 of the Dungeon.
             The game lasted 00:26:54 (12673 turns).

Lavandula the Spear-Bearer (Octopode Chaos Knight) Turns: 12673, Time: 00:26:54

Health: -2/79      AC:  1    Str: 12    XL:     12   Next: 3%
Magic:  19/19      EV: 16    Int: 14    God:    Xom [...*..]
Gold:   696        SH:  4    Dex: 13    Spells: 14/21 levels left

rFire   + + +      SeeInvis +   r - +10 trident of Youthful Indiscretion {drain, rF+ rN++ Dex-3 Stlth+}
rCold   . . .      Faith    .   (no shield)
rNeg    + + +      Spirit   .   (helmet restricted)
rPois   +          Reflect  .   (no amulet)
rElec   .          Harm     .   g - ring of poison resistance
rCorr   .          Rampage  .   F - ring of positive energy
Will    +....      Clarity  +   (no ring)
Stlth   ++++++....              (no ring)
HPRegen 0.23/turn               (no ring)
MPRegen 0.16/turn               (no ring)
                                (no ring)
                                (no ring)

@: no status effects
A: almost no armour, amphibious, 8 rings, camouflage 1, gelatinous body 1,
(nimble swimmer 1), tentacles, tentacle spike 2, large bone plates 1, see
invisible, clarity, fire resistance 2, strong-willed 1, passive freeze, poison
resistance, robust 1, noise suppression
a: Renounce Religion


You were on level 12 of the Dungeon.
You worshipped Xom.
You were a favourite toy of Xom.
You visited 1 branch of the dungeon, and saw 12 of its levels.
You also visited: Bailey.

You collected 810 gold pieces.
You spent 114 gold pieces at shops.

Inventory:

Hand Weapons
 r - the +10 trident of Youthful Indiscretion (weapon) {drain, rF+ rN++ Dex-3 Stlth+}
   (You found it on level 6 of the Dungeon)

   A truly terrible weapon, it drains the life of any living foe it strikes.
   Dex:       It affects your dexterity (-3).
   rF:        It protects you from fire.
   rN:        It greatly protects you from negative energy.
   Stlth:     It makes you more stealthy.
 z - a +5 spear of chaos
Missiles
 s - 41 poisoned darts (quivered)
 A - 6 silver javelins
 C - a throwing net
Magical Staves
 q - a staff of cold
Jewellery
 g - a ring of poison resistance (left tentacle)
 F - a ring of positive energy (right tentacle)
Wands
 k - a wand of polymorph (6)
 B - a wand of iceblast (14)
 D - a wand of acid (4)
 G - a wand of digging (4)
Scrolls
 c - 6 scrolls of teleportation
 d - a scroll of amnesia
 e - 2 scrolls of fear
 h - 3 scrolls of noise
 l - 3 scrolls of enchant armour
 m - a scroll of enchant weapon
 o - a scroll of silence
 p - 3 scrolls of vulnerability
 t - a scroll of immolation
 x - 2 scrolls of fog
Potions
 a - 2 potions of berserk rage
 b - 6 potions of heal wounds
 f - 3 potions of brilliance
 i - 3 potions of haste
 n - a potion of mutation {unknown}
 u - a potion of resistance {unknown}
 v - 3 potions of curing
 w - a potion of ambrosia
 E - 2 potions of magic
 H - a potion of cancellation
Miscellaneous
 y - a box of beasts


   Skills:
 + Level 3.4 Fighting
 - Level 14.0 Polearms
 - Level 8.1 Dodging
 - Level 8.1 Stealth
 - Level 5.1 Spellcasting
 - Level 6.6 Ice Magic


You had 14 spell levels left.
You knew the following spells:

 Your Spells              Type           Power      Damage    Failure   Level
a - Passage of Golubria   Tloc           3%         N/A       86%         4
b - Ozocubu's Armour      Ice            22%        N/A       3%          3

Your spell library contained the following spells:

 Spells                   Type           Power      Damage    Failure   Level
 Shock                    Conj/Air       12%        1d3       17%         1
 Summon Small Mammal      Summ           12%        N/A       17%         1
 Call Canine Familiar     Summ           3%         N/A       45%         3
 Gell's Gravitas          Tloc           3%         N/A       45%         3
 Lesser Beckoning         Tloc           3%         N/A       45%         3
 Summon Guardian Golem    Hex/Summ       3%         N/A       45%         3
 Swiftness                Air            3%         N/A       45%         3
 Teleport Other           Tloc           3%         N/A       45%         3
 Tukima's Dance           Hex            3%         N/A       45%         3
 Airstrike                Air            1%         N/A       86%         4
 Yara's Violent Unravell  Hex/Tmut       1%         3d3       99%         5
 Ozocubu's Refrigeration  Ice            11%        4d7       100%        7


Dungeon Overview and Level Annotations

Branches:
Dungeon (12/15)            Temple (0/1) D:4            Lair (0/6) D:9
    Orc (0/2) D:11         Bailey (visited)

Altars:
Ashenzari
Cheibriados
Dithmenos
Elyvilon
Gozag
Makhleb
Okawaru
Qazlal
Sif Muna
Trog
Wu Jian
Xom
Zin

Shops:
D:1 *   D:8 (   D:10 =

Annotations:
D:3 2 transporters, Htamos's ghost, amateur DDEE
D:5 exclusions: adder and 2 ogres
D:9 3 runed translucent doors, Decritt's ghost, novice MiFi
D:11 3 exclusions


Innate Abilities, Weirdness & Mutations

You cannot wear most types of armour.
You are amphibious.
You can wear up to eight rings at the same time.
Your skin changes colour to match your surroundings (Stealth+).
Your rubbery body absorbs attacks. (AC +1, EV +1)
((You are camouflaged near water. (Stealth+)))
You have tentacles for arms and can constrict up to eight enemies at once.
One of your tentacles bears a nasty spike.
You are partially covered in large bone plates. (SH +4)
You have supernaturally acute eyesight. (SInv)
You possess an exceptional clarity of mind.
Your flesh is very heat resistant. (rF++)
You are strong-willed. (Will+)
A frigid envelope surrounds you and freezes all who hurt you.
Your system is resistant to poisons. (rPois)
You are robust. (+10% HP)
You passively dampen the noise of your surroundings.


Message History

A deep elf pyromancer comes into view.
It is wielding a +2 long sword of electrocution.
A hydra, an ugly thing and a cyclops come into view.
Found a scroll of vulnerability.
A cyclops comes into view.
Found 2 potions of degeneration.
Found 4 gold pieces.
The cyclops shouts!
The cyclops hits you!!
The cyclops is very cold.
The cyclops is lightly wounded.
You hit the cyclops.
Your tentacle spike misses the cyclops.
The cyclops is lightly wounded.
Unknown command.
You completely miss the cyclops.
You pierce the cyclops.
The cyclops is lightly wounded.
You block the cyclops's attack.
Unknown command.
You puncture the cyclops!
You pierce the cyclops.
The cyclops is heavily wounded.
Unknown command.
You hit the cyclops.
The cyclops is heavily wounded.
The cyclops hits you!!
A shower of butterflies erupts from you!
The cyclops is very cold.
The cyclops is heavily wounded.
Unknown command.
You hit the cyclops. You drain the cyclops.
The cyclops is severely wounded.
Unknown command.
You hit the cyclops.
You pierce the cyclops, but do no damage.
You squeeze the cyclops.
The cyclops is severely wounded.
Unknown command.
A cyclops is nearby!
Unknown command.
You hit the cyclops.
The cyclops is severely wounded.
The cyclops hits you!!
You die...

.$.# ...#.# ....#......
#..##.....# #..#......#
##b........#
#...#......#
#...#......# .# .
..#.C@.......# ###.##.
...b....b....$.###.. ..
....!..#.###...?#..##.#
...##.#### ##.####.#..#
.. #. ####......#.### .
## ##..............
......[..........
.####.....##.#...
#....#....#..


You could see a cyclops (drained, ally target).

Vanquished Creatures
  2 boulder beetles (D:11)
  2 two-headed ogres
  A death knight (D:11)
  A cyclops (D:11)
  A kobold demonologist (D:11)
  2 trolls (D:10)
  A meliai zombie (D:11)
  A shadow (D:10)
  A wyvern (D:9)
  11 yaks
  2 wraiths
  A steam dragon (D:9)
  2 vampire mosquitoes (D:11)
  Menkaure (D:6)
  3 water moccasins
  13 orc warriors
  3 ice beasts
  6 sky beasts
  3 black bears
  An ogre (D:6)
  A boggart (D:9)
  A phantom (D:6)
  3 centaurs
  3 kobold brigands
  2 bullfrogs
  3 scorpions
  A wyvern zombie (D:8)
  A wyvern skeleton (D:7)
  5 killer bees (D:9)
  An electric eel (D:11)
  6 wights
  3 howler monkeys (D:10)
  A crimson imp (D:6)
  4 centaur zombies
  4 hounds
  2 jellies
  4 orc priests
  A gnoll shaman (D:8)
  2 bullfrog skeletons
  2 iguanas
  6 orc wizards
  2 killer bee zombies
  2 hound skeletons (D:4)
  A mummy (D:4)
  3 howler monkey zombies (D:9)
  A howler monkey skeleton (D:7)
  3 adders
  8 gnolls
  A shadow imp (D:7)
  An adder zombie (D:4)
  An adder skeleton (D:4)
  3 dart slugs
  22 orcs
  4 endoplasms
  2 giant cockroaches
  8 goblins
  6 hobgoblins (D:1)
  4 jackals
  4 quokkas
  6 ball pythons
  2 bats
  4 frilled lizards
  22 kobolds
  2 rats
226 creatures vanquished.

Vanquished Creatures (collateral kills)
  A gargoyle (D:11)
  An acid dragon (D:11)
  3 orc warriors (Bailey)
  An orc wizard (D:11)
  3 orcs (Bailey)
9 creatures vanquished.

Vanquished Creatures (others)
  2 dancing weapons
  2 yaks (D:11)
  27 fungi (D:9)
  26 plants (D:9)
57 creatures vanquished.

Grand Total: 292 creatures vanquished

Notes
Turn   | Place    | Note
-------+----------+-------------------------------------------
     0 | D:1      | Lavandula the Octopode Chaos Knight began the quest for the
                  | Orb.
     0 | D:1      | Reached XP level 1. HP: 16/16 MP: 1/1
    79 | D:1      | XOM: silly message
    89 | D:1      | Reached XP level 2. HP: 21/21 MP: 2/2
   687 | D:1      | Found Gagratew's Assorted Antiques.
   717 | D:1      | XOM: silly message
   720 | D:1      | Reached skill level 4 in Polearms
   759 | D:1      | Reached XP level 3. HP: 26/26 MP: 3/3
   893 | D:2      | Found a faded altar of an unknown god.
   899 | D:2      | XOM: silly message
  1034 | D:2      | XOM: 2-stop teleportation journey
  1238 | D:2      | XOM: 1-stop teleportation journey
  1318 | D:1      | Bought a scroll labelled ATAFFU HYQ for 21 gold pieces
  1318 | D:1      | Bought a fizzy brown potion for 18 gold pieces
  1318 | D:1      | Bought a scroll labelled DUIFOIS RIPUISH for 21 gold pieces
  1318 | D:1      | Bought a scroll labelled RULYQUA ZOTA for 21 gold pieces
  1488 | D:3      | Reached XP level 4. HP: 20/31 MP: 4/4
  1598 | D:3      | Found a glowing silver altar of Zin.
  1598 | D:3      | Noticed an angel
  1733 | D:3      | Reached skill level 5 in Polearms
  1739 | D:3      | Reached XP level 5. HP: 22/36 MP: 5/5
  1961 | D:3      | XOM: god gift: scroll of teleportation
  2016 | D:3      | XOM: 3-stop teleportation journey
  2082 | D:3      | Found a transporter.
  2090 | D:3      | Noticed Htamos's ghost (amateur DDEE)
  2257 | D:3      | Found a broken altar of Ashenzari.
  2317 | D:3      | Found a transporter.
  2386 | D:3      | XOM: give mutations
  2386 | D:3      | Gained mutation: You have supernaturally acute eyesight.
                  | (SInv) [Xom's grace]
  2386 | D:3      | Gained mutation: You are partially covered in iridescent
                  | scales. (AC +2) [Xom's grace]
  2386 | D:3      | Gained mutation: You are robust. (+10% HP) [Xom's grace]
  2386 | D:3      | Gained mutation: One of your tentacles bears a spike.
                  | [Xom's grace]
  2400 | D:3      | XOM: god gift: 26 stones
  2441 | D:4      | Found a staircase to the Ecumenical Temple.
  2478 | D:4      | Found a shadowy altar of Dithmenos.
  2494 | D:4      | Noticed a black bear
  2503 | D:4      | Killed a black bear
  2504 | D:4      | Reached skill level 6 in Polearms
  2509 | D:4      | Reached XP level 6. HP: 39/46 MP: 6/6
  2592 | D:4      | XOM: divination: detect items
  2984 | D:4      | XOM: noise
  3133 | D:4      | XOM: scenery: 1 doors open
  3215 | D:4      | XOM: chaos upgrade
  3220 | D:4      | XOM: summons 3 hostile shadow creatures
  3221 | D:4      | XOM: polymorph dart slug -> goblin
  3266 | D:5      | Entered Level 5 of the Dungeon
  3414 | D:5      | Reached skill level 7 in Polearms
  3656 | D:5      | XOM: draining
  3704 | D:5      | XOM: give mutation
  3704 | D:5      | Lost mutation: You are partially covered in iridescent
                  | scales. (AC +2) [Xom's mischief]
  3888 | D:5      | Reached XP level 7. HP: 43/45 MP: 7/7
  3927 | D:5      | Found a shimmering blue altar of Sif Muna.
  4212 | D:5      | Reached skill level 8 in Polearms
  4313 | D:6      | Identified the +10 trident of Youthful Indiscretion {drain,
                  | rF+ rN++ Dex-3 Stlth+}
  4443 | D:6      | XOM: smoke on damage
  4444 | D:6      | XOM: confusion
  4448 | D:6      | Reached skill level 9 in Polearms
  4456 | D:6      | Reached XP level 8. HP: 28/57 MP: 8/8
  4659 | D:6      | Found an iron altar of Okawaru.
  4670 | D:6      | Noticed Menkaure
  4686 | D:6      | Killed Menkaure
  4687 | D:6      | XOM: noise
  4689 | D:6      | Reached skill level 10 in Polearms
  4706 | D:6      | XOM: stat loss: -1 Dex (9/10)
  4773 | D:6      | XOM: god gift: staff of fire
  4780 | D:6      | XOM: chaos cloud
  4824 | D:6      | XOM: potion effect (heal wounds)
  4985 | D:7      | Reached skill level 5 in Dodging
  5146 | D:7      | Found a stormy altar of Qazlal.
  5184 | D:7      | Reached XP level 9. HP: 55/61 MP: 9/9
  5189 | D:7      | Learned a level 4 spell: Passage of Golubria
  5855 | D:6      | XOM: silly message
  5904 | D:6      | XOM: summons 3 hostile shadow creatures
  6211 | D:6      | Found a burning altar of Makhleb.
  6295 | D:6      | Found a snail-covered altar of Cheibriados.
  6530 | D:5      | XOM: give mutations
  6530 | D:5      | Gained mutation: A frigid envelope surrounds you and
                  | freezes all who hurt you. [Xom's grace]
  6530 | D:5      | Gained mutation: You are partially covered in large bone
                  | plates. (SH +4) [Xom's grace]
  6530 | D:5      | Gained mutation: Your muscles are strong. (Str +2) [Xom's
                  | grace]
  6530 | D:5      | Gained mutation: Your system is resistant to poisons.
                  | (rPois) [Xom's grace]
  6559 | D:4      | XOM: fog
  6600 | D:6      | XOM: enchant monster (good)
  6854 | D:8      | XOM: 2-stop teleportation journey
  6900 | D:8      | Found a white marble altar of Elyvilon.
  7325 | D:8      | XOM: give mutations
  7325 | D:8      | Gained mutation: You are strong-willed. (Will+) [Xom's
                  | grace]
  7325 | D:8      | Gained mutation: Your flesh is heat resistant. (rF+) [Xom's
                  | grace]
  7325 | D:8      | Gained mutation: You passively dampen the noise of your
                  | surroundings. [Xom's grace]
  7325 | D:8      | Gained mutation: Your flesh is very heat resistant. (rF++)
                  | [Xom's grace]
  7340 | D:8      | Found Loaqik's Firing Range.
  7345 | D:8      | Bought a throwing net for 33 gold pieces
  7368 | D:8      | XOM: divination: detect creatures
  7389 | D:9      | XOM: cleaving
  7391 | D:9      | XOM: polymorph steam dragon -> boggart
  7409 | D:9      | XOM: divination: magic mapping
  7445 | D:9      | Identified the +0 plate armour "Zitwe" {rPois Str+3 Dex+3}
  7497 | D:9      | Reached skill level 11 in Polearms
  7542 | D:9      | Found a staircase to the Lair.
  7542 | D:9      | XOM: 8-stop teleportation journey
  7569 | D:9      | XOM: scenery: 1 doors open
  7583 | D:9      | XOM: potion effect (haste)
  7590 | D:9      | XOM: divination: detect creatures
  7610 | D:9      | Reached XP level 10. HP: 53/69 MP: 10/10
  7611 | D:9      | Reached skill level 12 in Polearms
  7694 | D:9      | Found a runed translucent gate.
  7695 | D:9      | Found a runed translucent gate.
  7695 | D:9      | Found a runed translucent gate.
  7906 | D:9      | XOM: god gift: wand of acid (4)
  8013 | D:9      | Noticed a two-headed ogre
  8019 | D:9      | Killed a two-headed ogre
  8020 | D:9      | Reached skill level 13 in Polearms
  8131 | D:9      | XOM: cast spell 'Statue Form'
  8134 | D:9      | XOM: summons friendly iron imp
  8166 | D:9      | XOM: stat loss: -1 Dex (12/13)
  8303 | D:9      | XOM: summons friendly crimson imp
  8307 | D:9      | XOM: confuse monster(s)
  8317 | D:9      | XOM: silly message
  8324 | D:9      | Reached skill level 14 in Polearms
  8467 | D:9      | Learned a level 3 spell: Ozocubu's Armour
  8488 | D:9      | Reached skill level 1 in Ice Magic
  8704 | D:9      | XOM: potion effect (might)
  8754 | D:9      | XOM: divination: detect creatures
  8827 | D:9      | XOM: silly message
  8853 | D:9      | Noticed Decritt's ghost (novice MiFi)
  8889 | D:10     | Entered Level 10 of the Dungeon
  9035 | D:10     | Found Feproz's Jewellery Shop.
  9093 | D:10     | XOM: destruction
  9097 | D:10     | Reached XP level 11. HP: 70/73 MP: 11/11
  9119 | D:10     | Found a flagged portal.
  9134 | Bailey   | Entered a bailey
  9145 | Bailey   | XOM: summons friendly shadow imp
  9179 | Bailey   | Reached skill level 5 in Ice Magic
  9231 | Bailey   | XOM: cast spell 'Summon Horrible Things'
  9460 | Bailey   | XOM: butterfly on damage
  9730 | Bailey   | XOM: confuse monster(s)
  9953 | D:10     | Found a bloodstained altar of Trog.
  9957 | D:10     | XOM: 1-stop teleportation journey
 10193 | D:10     | Reached skill level 1 in Spellcasting
 10598 | D:10     | Found an opulent altar of Gozag.
 10695 | D:10     | Found an ornate altar of the Wu Jian Council.
 10695 | D:10     | Found a shimmering altar of Xom.
 10824 | D:11     | Noticed a two-headed ogre
 10824 | D:11     | Noticed a death knight
 11130 | D:11     | Killed a death knight
 11354 | D:11     | Killed a two-headed ogre
 11431 | D:11     | XOM: noise
 11441 | D:11     | Reached skill level 5 in Spellcasting
 11619 | D:11     | Noticed a boulder beetle
 11621 | D:11     | XOM: noise
 11622 | D:11     | XOM: cleaving
 11637 | D:11     | Reached skill level 1 in Stealth
 11637 | D:11     | XOM: potion effect (curing)
 11643 | D:11     | XOM: butterfly on damage
 11862 | D:10     | XOM: scenery: summon butterflies
 11960 | D:11     | XOM: god gift: 28 gold pieces
 11972 | D:11     | Killed a boulder beetle
 12018 | D:11     | Identified the +10 dagger of Ranatir {vorpal, *Slow rF+++
                  | Str+4}
 12072 | D:11     | Noticed a cyclops
 12075 | D:11     | XOM: summons 7 friendly demons
 12078 | D:11     | Reached skill level 5 in Stealth
 12082 | D:11     | Killed a cyclops
 12173 | D:11     | Noticed a moth of wrath
 12219 | D:11     | Found a staircase to the Orcish Mines.
 12258 | D:11     | Noticed a boulder beetle
 12273 | D:11     | XOM: destruction
 12279 | D:11     | Killed a boulder beetle
 12292 | D:11     | Reached XP level 12. HP: 29/79 MP: 19/19
 12325 | D:11     | XOM: give mutations
 12325 | D:11     | Gained mutation: You possess an exceptional clarity of
                  | mind. [Xom's grace]
 12325 | D:11     | Gained mutation: One of your tentacles bears a nasty spike.
                  | [Xom's grace]
 12627 | D:11     | XOM: give mutations
 12627 | D:11     | Gained mutation: You sometimes lose the ability to read
                  | scrolls when taking damage. [Xom's mischief]
 12627 | D:11     | Lost mutation: Your muscles are strong. (Str +2) [Xom's
                  | mischief]
 12627 | D:11     | Lost mutation: You sometimes lose the ability to read
                  | scrolls when taking damage. [Xom's mischief]
 12649 | D:12     | Noticed a tengu warrior
 12653 | D:12     | Noticed a five-headed hydra
 12670 | D:12     | XOM: butterfly on damage
 12673 | D:12     | Slain by a cyclops

Illustrated notes

Levels and vault maps discovered:
D:1:      saegor_arrival_simple_c, layout_loops_cross, serial_shops, shop
D:2:      layout_rooms, ebering_ecumenical_altar_sacrificial
D:3:      layout_loops_corners, zin_angel, evilmike_ruin_ashenzari,
          gammafunk_ghost_stat_death
D:4:      layout_basic, lemuel_mausoleum_altar_kikubaaqudgha,
          nicolae_dithmenos_the_darkroom, minmay_temple_entry_large_hall
D:5:      layout_rooms, led_sif_pool
D:6:      layout_rooms, okawaru_trees_1, kennysheep_slug_shrine,
          makhleb_grotto_becter, serial_glass, glass_columns_b, glass_columns_a,
          glass_columns_b, glass_columns_b, glass_columns_a, glass_columns_a,
          glass_columns_b, glass_columns_a, glass_columns_b, glass_columns_a,
          glass_columns_b, glass_columns_c, glass_columns_a, glass_columns_b,
          minmay_small_thing, uniq_menkaure
D:7:      layout_basic, mainiacjoe_overflow_paths
D:8:      layout_rooms, elyvilon_altar_4, chequers_serial_rivers_room_a,
          minmay_misc_feat_alley, nicolae_shop_firing_range
D:9:      kennysheep_six_static_rooms, layout_irregular_city,
          due_lair_maze_entry_diamond, gammafunk_ghost_spectres,
          hangedman_misty_isle
D:10:     layout_long_grid, lemuel_coloured_pillars_altar, trog_book,
          gammafunk_temple_overflow_elements, serial_shops,
          nicolae_take_the_stairs, enter_bailey_5, grunt_ministairs_2
D:11:     layout_rooms, orc_0_dummy, nicolae_water_bricks, tgw_trog
D:12:     layout_cave_pools, minivault_28

Skill      XL: |  1  2  3  4  5  6  7  8  9 10 11 12 |
---------------+-------------------------------------+-----
Polearms       | 4 5 6 7 9 10 11 14 | 14.0
Dodging        | 6 8 |  8.1
Ice Magic      | 4 6 |  6.6
Spellcasting   | 5 |  5.1
Stealth        | 7 8 |  8.1
Fighting       | |  3.4

Action                   |  1- 3 |  4- 6 |  7- 9 | 10-12 || total
-------------------------+-------+-------+-------+-------++-------
Melee: Spear             |    70 |   113 |    14 |       ||   197
       Constrict         |    14 |    24 |    21 |    20 ||    79
       Tentacles         |     5 |    12 |    24 |    33 ||    74
       Kick              |       |    21 |    40 |    54 ||   115
       Trident           |       |       |   223 |   294 ||   517
Throw: Dart              |       |       |       |     6 ||     6
 Cast: Ozocubu's Armour  |       |       |       |     1 ||     1
  Use: Scroll            |     4 |     3 |     1 |    13 ||    21
 Stab: Sleeping          |     5 |     6 |    13 |     6 ||    30
       Paralysed         |       |       |     2 |       ||     2
       Distracted        |       |       |       |     3 ||     3
       Confused          |       |       |       |     1 ||     1
Armor: Skin              |     1 |    11 |     2 |     7 ||    21
Dodge: Dodged            |    24 |    35 |    77 |   110 ||   246
Block: Other             |       |       |    12 |    26 ||    38

Table legend: (Time is in decaauts)
 A = Elapsed time spent in this place.
 B = Non-inter-level travel time spent in this place.
 C = Inter-level travel time spent in this place.
 D = Time resting spent in this place.
 E = Time spent auto-exploring this place.
 F = Levels seen in this place.
 G = Mean time per level.
                   A        B        C        D        E       F      G
               +--------+--------+--------+--------+--------+-----+--------+
         Total |  12501 |  11957 |    544 |   1992 |   7904 |  13 |  961.6 |
       Dungeon |  11826 |  11282 |    544 |   1514 |   7842 |  12 |  985.5 |
        Bailey |    674 |    674 |      0 |    478 |     62 |   1 |  674.0 |
               +--------+--------+--------+--------+--------+-----+--------+

Top non-repeatable levels by time:
    D:10: 1654 daAuts
     D:9: 1503 daAuts
    D:11: 1300 daAuts
     D:6: 1254 daAuts
     D:7: 1115 daAuts
     D:5: 1087 daAuts
     D:3: 1043 daAuts
     D:1: 932 daAuts
     D:4: 863 daAuts
  Bailey: 674 daAuts
     D:8: 612 daAuts
     D:2: 416 daAuts
    D:12: 40 daAuts
